 Dungeon Crawl Stone Soup version 0.27-a0-1149-g4505690ab0 (webtiles) character file.

Game seed: 14634362828825611078

20780 rjrrt the Cleaver (level 12, -12/147 HPs)
             Began as a Demonspawn Berserker on May 13, 2021.
             Was a High Priest of Trog.
             Killed from afar by a lindwurm (24 damage)
             ... with a blast of flame
             ... on level 11 of the Dungeon.
             The game lasted 00:38:53 (15102 turns).

rjrrt the Cleaver (Demonspawn Berserker)           Turns: 15102, Time: 00:38:53

Health: -12/147    AC: 22    Str: 25    XL:     12   Next: 48%
Magic:  12/12      EV:  6    Int: 13    God:    Trog [*****.]
Gold:   581        SH:  9    Dex: 19    Spells: 11/11 levels left

rFire    . . .     SeeInvis +   a - +3 broad axe "Digh" {speed, Int+4 SInv}
rCold    + . .     Faith    .   F - +0 kite shield {rN+}
rNeg     + . .     Spirit   .   s - +1 chain mail
rPois    +         Reflect  .   e - +0 helmet
rElec    .         Harm     .   m - +0 cloak
rCorr    .         Rampage  .   C - +2 pair of gloves {Str+3}
Will     .....                  (no boots)
Stlth    ..........             D - amulet of regeneration
HPRegen  1.34/turn              y - +6 ring of dexterity
MPRegen  0.13/turn              h - ring of protection from cold

@: berserking, flying, very quick
A: claws 1, slimy green scales 3, foul stench 2
a: Renounce Religion, Berserk, Trog's Hand, Brothers in Arms


You were on level 11 of the Dungeon.
You worshipped Trog.
Trog was extremely pleased with you.
You visited 1 branch of the dungeon, and saw 11 of its levels.
You also visited: Ice Cave.

You collected 764 gold pieces.
You spent 183 gold pieces at shops.

Inventory:

Hand Weapons
 a - the +3 broad axe "Digh" (weapon) {speed, Int+4 SInv}
   (You found it in an ice cave)

   Attacks with this weapon are significantly faster.
   It affects your intelligence (+4).
   It lets you see invisible.
 b - a +5 spear of venom
 i - a +1 battleaxe of electrocution
Missiles
 c - 16 boomerangs (quivered)
 j - 29 poisoned darts
 o - 3 boomerangs of dispersal
Armour
 e - a +0 helmet (worn)
 m - a +0 cloak (worn)
 s - a +1 chain mail (worn)
 C - a +2 pair of gloves of strength (worn)
 F - a +0 kite shield of positive energy (worn)
 H - the +15 ice dragon scales "Gaehecze" {+Blink rF- rC++ rN++ rCorr Dex-5}
   (You found it in an ice cave)

   It affects your dexterity (-5).
   It makes you vulnerable to fire.
   It greatly protects you from cold.
   It greatly protects you from negative energy.
   It lets you blink.
   It protects you from acid and corrosion.
Jewellery
 h - a ring of protection from cold (right hand)
 y - a +6 ring of dexterity (left hand)
 D - an amulet of regeneration (around neck)
Wands
 q - a wand of iceblast (5)
 r - a wand of flame (48)
 B - a wand of polymorph (17)
 G - a wand of charming (11)
Scrolls
 d - a scroll of immolation
 g - 2 scrolls of blinking
 k - 2 scrolls of enchant weapon
 p - 2 scrolls of enchant armour
 A - 2 scrolls of teleportation
 I - a scroll of magic mapping
 J - a scroll of acquirement {unknown}
Potions
 f - 3 potions of might
 l - 4 potions of mutation
 n - 3 potions of attraction
 t - a potion of invisibility
 u - a potion of cancellation {unknown}
 v - 2 potions of haste
 w - a potion of curing
 x - 2 potions of flight
 z - a potion of lignification
Miscellaneous
 E - a tin of tremorstones (2/2)


   Skills:
 - Level 10.4 Fighting
 * Level 14.0 Axes
 + Level 9.4 Armour
 - Level 1.7 Dodging
 * Level 1.2 Shields


You had 11 spell levels left.
You didn't know any spells.
Your spell library was empty.

Dungeon Overview and Level Annotations

Branches:
Dungeon (11/15)            Temple (0/1) D:5            Lair (0/6) D:11
    Orc (0/2) D:9           IceCv (visited)

Altars:
Zin

Shops:
D:2 *   D:8 (![:*

Portals:
Abyss: D:6

Annotations:
D:6 2 transporters


Innate Abilities, Weirdness & Mutations

You have sharp fingernails.
You are completely covered in slimy green scales. (AC +4, rPois)
You sometimes emit foul miasma when damaged in melee.


Message History

Unknown command.
You slash the lindwurm!
The lindwurm is almost dead.
You hit the lindwurm. The lindwurm bites you. The lindwurm barely misses you.
The lindwurm claws you.
You are too injured to fight recklessly!
You hit the lindwurm.
The lindwurm is almost dead.
You slice the lindwurm!! The lindwurm breathes flames at you.
The blast of flame hits you!
* * * LOW HITPOINT WARNING * * *
You are too injured to fight recklessly!
You slice the lindwurm!!
You feel the power of Trog in you as your rage grows.
You kill the lindwurm!
Trog accepts your kill.
You hit the lindwurm. The lindwurm barely misses you.
The lindwurm claws you but does no damage. x2
Your Axes skill increases to level 14!
Your Shields skill increases to level 1!
The lindwurm breathes flames at you. The blast of flame hits you!!
* * * LOW HITPOINT WARNING * * *
The lindwurm breathes flames at you. The blast of flame hits you.
* * * LOW HITPOINT WARNING * * *
You are too injured to fight recklessly!
You slash the lindwurm!
The lindwurm is lightly wounded.
You hit the lindwurm but do no damage.
You are too injured to fight recklessly!
Unknown command.
Unknown command.
You slash the lindwurm!
The lindwurm is moderately wounded.
You completely miss the lindwurm. The lindwurm breathes flames at you.
The blast of flame hits you!!
You die...

##...≈≈≈§≈k§k##...≈≈≈§≈.=.##
#...≈≈§≈≈§..####..≈§§§≈....#
#....§§§§..#.)?.#..≈≈§≈.(..##
#.§§≈≈≈≈§§##([)[##.≈§≈≈≈.....
#..§§≈≈§≈§##,>,,*#.≈≈≈≈≈..###
#...≈§≈≈≈§.#.,,,#..≈≈§≈≈..#
#..§§§§§§§..##*#..≈≈≈§§..##
##..≈≈≈≈§≈..k##...≈≈≈≈≈..*
#...≈≈§≈≈≈§@k..≈≈§§≈≈...*
#....≈≈§≈≈≈≈§≈§§≈≈≈≈§...####
**####.#..≈≈≈§§≈§≈≈§≈§≈≈≈≈..,....
,..........≈≈≈≈≈≈≈§≈≈§≈≈≈,,,**##.
*###.####...≈≈≈≈≈≈§≈§≈≈.,,,** #.
#.* ##.....≈.≈≈≈.§..,,,* #. #,*
#.#.....≈..§...,*,* **, *,*
#.####.....####,,,* *,, *** #.#
#..########*,* **,#


You could see 2 lindwurms.

Vanquished Creatures
  An ice dragon (D:11)
  2 ogre magi (D:11)
  2 two-headed ogres
  A tengu warrior (D:11)
  A skeletal warrior (D:11)
  A lindwurm (D:11)
  3 ugly things
  2 cyclopes (D:11)
  Joseph (D:8)
  4 molten gargoyles (D:10)
  2 gargoyles
  3 ice statues (IceCv)
  An unseen horror (D:11)
  2 polar bears (D:11)
  2 trolls
  Prince Ribbit (D:8)
  A slime creature (D:11)
  Grinder (D:6)
  2 shadows (D:11)
  A vampire (D:9)
  A wyvern (D:9)
  12 yaks
  3 wraiths
  A hog (shapeshifter) (D:11)
  2 vampire mosquitoes (D:11)
  An acid dragon (D:11)
  A water moccasin (D:7)
  A sky beast (D:4)
  A swamp drake (D:9)
  4 orc warriors (D:9)
  7 ice beasts
  A necrophage (D:4)
  2 wolves (D:11)
  An ogre (D:7)
  A boggart (D:11)
  2 phantoms (D:6)
  4 centaurs
  5 bullfrogs
  2 gnoll sergeants (D:9)
  A wyvern zombie (D:9)
  2 scorpions (D:5)
  8 killer bees
  8 wights
  4 howler monkeys
  An electric eel (D:8)
  A jelly (D:6)
  3 hounds
  6 orc priests
  A bullfrog skeleton (D:6)
  9 centaur zombies
  A gnoll shaman (D:9)
  4 centaur skeletons
  Ijyb (D:3)
  An iguana (D:7)
  7 orc wizards
  A killer bee zombie (D:5)
  A howler monkey zombie (D:9)
  A howler monkey skeleton (D:5)
  7 adders
  A white imp (D:6)
  A worm (D:2)
  A dart slug (D:1)
  26 orcs
  15 bats
  7 endoplasms
  2 giant cockroaches
  5 goblins
  5 hobgoblins
  11 jackals
  10 kobolds
  2 quokkas (D:1)
  7 ball pythons
  4 frilled lizards
  4 rats
255 creatures vanquished.

Vanquished Creatures (others)
  5 plants (D:8)
5 creatures vanquished.

Grand Total: 260 creatures vanquished

Notes
Turn   | Place    | Note
-------+----------+-------------------------------------------
     0 | D:1      | rjrrt the Demonspawn Berserker began the quest for the Orb.
     0 | D:1      | Reached XP level 1. HP: 18/18 MP: 1/1
    75 | D:1      | Reached skill level 3 in Axes
    84 | D:1      | Gained mutation: You are partially covered in slimy green
                  | scales. (AC +2) [demonic ancestry]
    84 | D:1      | Reached XP level 2. HP: 24/24 MP: 2/2
   432 | D:1      | Reached ** piety under Trog
   451 | D:1      | Reached XP level 3. HP: 21/29 MP: 3/3
  1049 | D:2      | Found Nohucedo's Assorted Antiques.
  1058 | D:2      | Bought a scroll labelled FEDUN POJUDIP for 21 gold pieces
  1058 | D:2      | Bought a scroll labelled HYECUI JELUY for 21 gold pieces
  1058 | D:2      | Bought a scroll labelled ASHOID XUODGHUT for 21 gold pieces
  1058 | D:2      | Bought a scroll labelled HYECUI JELUY for 21 gold pieces
  1104 | D:2      | Reached skill level 4 in Axes
  2161 | D:3      | Gained mutation: You are mostly covered in slimy green
                  | scales. (AC +3) [demonic ancestry]
  2161 | D:3      | Reached XP level 4. HP: 31/35 MP: 4/4
  2236 | D:3      | Noticed Ijyb
  2249 | D:3      | Killed Ijyb
  2436 | D:2      | Bought a white potion for 18 gold pieces
  2436 | D:2      | Bought a scroll labelled OSSOZY NOGA for 21 gold pieces
  2436 | D:2      | Bought a scroll labelled HYETEMUCSUG for 21 gold pieces
  2884 | D:4      | Noticed a necrophage
  2906 | D:4      | Killed a necrophage
  2907 | D:4      | Reached skill level 5 in Axes
  2907 | D:4      | Gained mutation: You may rarely emit foul miasma when
                  | damaged in melee. [demonic ancestry]
  2907 | D:4      | Reached XP level 5. HP: 25/41 MP: 5/5
  2972 | D:4      | Noticed a sky beast
  3248 | D:4      | Killed a sky beast
  3249 | D:4      | Reached skill level 6 in Axes
  3249 | D:4      | Gained mutation: You sometimes emit foul miasma when
                  | damaged in melee. [demonic ancestry]
  3249 | D:4      | Reached XP level 6. HP: 47/47 MP: 6/6
  3494 | D:4      | Reached *** piety under Trog
  3765 | D:5      | Entered Level 5 of the Dungeon
  3952 | D:5      | Found a staircase to the Ecumenical Temple.
  4137 | D:5      | Noticed a two-headed ogre
  4164 | D:5      | Killed a two-headed ogre
  4165 | D:5      | Reached skill level 7 in Axes
  4165 | D:5      | Gained mutation: You are completely covered in slimy green
                  | scales. (AC +4, rPois) [demonic ancestry]
  4165 | D:5      | Reached XP level 7. HP: 24/55 MP: 7/7
  4165 | D:5      | Reached XP level 8. HP: 27/61 MP: 8/8
  4446 | D:5      | Reached skill level 8 in Axes
  5383 | D:6      | Reached skill level 5 in Fighting
  5706 | D:6      | Found a transporter.
  5740 | D:6      | Noticed Grinder
  5751 | D:6      | Paralysed by Grinder for 5 turns
  5775 | D:6      | Killed Grinder
  5984 | D:6      | Noticed an ancient zyme
  5999 | D:6      | Found a one-way gate to the infinite horrors of the Abyss.
  6000 | D:6      | Noticed a small abomination
  6012 | D:6      | Found a transporter.
  6054 | D:6      | Reached skill level 9 in Axes
  6350 | D:6      | Reached XP level 9. HP: 64/69 MP: 9/9
  7454 | D:7      | Reached skill level 5 in Armour
  7455 | D:7      | Reached **** piety under Trog
  8259 | D:8      | Found Wetiufeigu's Assorted Antiques.
  8278 | D:8      | Found Beenout's Antique Armour Emporium.
  8639 | D:8      | Found Elath's Distillery.
  8648 | D:8      | Bought a potion of attraction for 39 gold pieces
  8709 | D:8      | Found Nuutaere's Book Shop.
  8724 | D:8      | Noticed Joseph
  8744 | D:8      | Reached skill level 10 in Axes
  8754 | D:8      | Killed Joseph
  8761 | D:8      | Noticed Prince Ribbit
  9036 | D:8      | Found Moddoshuust's Antique Weapon Emporium.
  9110 | D:8      | Killed Prince Ribbit
  9911 | D:9      | Gained mutation: You have sharp fingernails. [demonic
                  | ancestry]
  9911 | D:9      | Reached XP level 10. HP: 56/79 MP: 10/10
 10538 | D:9      | Found a staircase to the Orcish Mines.
 10951 | D:9      | Reached skill level 11 in Axes
 11931 | D:10     | Entered Level 10 of the Dungeon
 12177 | D:10     | Noticed a molten gargoyle
 12196 | D:10     | Killed a molten gargoyle
 12334 | D:10     | Noticed a molten gargoyle
 12353 | D:10     | Killed a molten gargoyle
 12602 | D:10     | Noticed a molten gargoyle
 12609 | D:10     | Killed a molten gargoyle
 12664 | D:10     | Noticed a molten gargoyle
 12683 | D:10     | Killed a molten gargoyle
 12684 | D:10     | Reached XP level 11. HP: 79/87 MP: 11/11
 12906 | D:10     | Reached skill level 12 in Axes
 13605 | D:11     | Found a frozen archway.
 13605 | D:11     | Noticed an ice dragon
 13634 | D:11     | Killed an ice dragon
 13710 | IceCv    | Entered an ice cave
 13755 | IceCv    | Noticed a white ugly thing
 13773 | IceCv    | Killed a white ugly thing
 13804 | IceCv    | Reached ***** piety under Trog
 13863 | IceCv    | Noticed a white ugly thing
 13886 | IceCv    | Killed a white ugly thing
 13898 | IceCv    | Identified the +3 broad axe "Digh" {speed, Int+4 SInv}
 13904 | IceCv    | Identified the +15 ice dragon scales "Gaehecze" {+Blink rF-
                  | rC++ rN++ rCorr Dex-5}
 14110 | D:11     | Reached skill level 13 in Axes
 14142 | D:11     | Noticed an ogre mage
 14149 | D:11     | Killed an ogre mage
 14161 | D:11     | Noticed a two-headed ogre
 14175 | D:11     | Killed a two-headed ogre
 14217 | D:11     | Reached XP level 12. HP: 95/97 MP: 12/12
 14282 | D:11     | Reached skill level 10 in Fighting
 14459 | D:11     | Noticed an ogre mage
 14465 | D:11     | Killed an ogre mage
 14492 | D:11     | Noticed a tengu warrior
 14516 | D:11     | Killed a tengu warrior
 14888 | D:11     | Found a staircase to the Lair.
 15100 | D:11     | Reached skill level 14 in Axes
 15100 | D:11     | Reached skill level 1 in Shields
 15102 | D:11     | Killed from afar by a lindwurm

Illustrated notes

Levels and vault maps discovered:
D:1:      minmay_arrival_wavy_path, layout_loops_ring
D:2:      layout_rooms, serial_shops, shop
D:3:      layout_basic, uniq_ijyb
D:4:      layout_basic
D:5:      layout_loops_ring, general_overflow_altar, minmay_temple_entry_mist,
          roderic_batcave, serial_park_tiny_pond
D:6:      minmay_spotlight, layout_loops_ring, gammafunk_ghost_abyssal_escape,
          uniq_grinder
D:7:      layout_cave_pods
D:8:      layout_layer_cave, serial_shops, shop_statue, shop,
          nicolae_shop_waterfront, nicolae_shop_crystal, kennysheep_mini,
          serial_bayou_lagoon_a, grunt_decor_cap, uniq_prince_ribbit1,
          uniq_joseph
D:9:      minmay_four_partial_circles, layout_stronghold, erik_orc_1
D:10:     layout_roguey, nrook_loot_triangle, minmay_fountain_box, minivault_8
D:11:     minmay_the_grid_triangle_9x9_rhombus_full
          [minmay_the_grid_triangle_9x9_intruding_spiral,
          minmay_the_grid_triangle_9x9_skeleton,
          minmay_the_grid_triangle_9x9_corrupted_corridor,
          minmay_the_grid_triangle_9x9_from_above,
          minmay_the_grid_triangle_9x9_minimal,
          minmay_the_grid_triangle_9x9_checkered,
          minmay_the_grid_triangle_9x9_limited_checkers,
          minmay_the_grid_triangle_9x9_prize_top_heavy], layout_small_grid,
          lair_entry_dummy, portal_ice_cave_entry_animals_and_master,
          minmay_lindwurm_lava

Skill      XL: |  1  2  3  4  5  6  7  8  9 10 11 12 |
---------------+-------------------------------------+-----
Axes           | 3 4 5 6 7 9 10 11 13 14 | 14.0
Armour         | 3 4 6 7 8 9 |  9.4
Fighting       | 4 5 7 8 9 10 | 10.4
Shields        | 1 |  1.2
Dodging        | |  1.7

Action                   |  1- 3 |  4- 6 |  7- 9 | 10-12 || total
-------------------------+-------+-------+-------+-------++-------
Melee: Hand axe          |   121 |   150 |   400 |   141 ||   812
       Unarmed           |       |       |    10 |       ||    10
       War axe           |       |       |       |   252 ||   252
       Spear             |       |       |       |    35 ||    35
       Broad axe         |       |       |       |   174 ||   174
Throw: Boomerang         |    34 |       |     7 |       ||    41
       Dart              |       |     2 |       |       ||     2
Invok: Berserk           |     1 |     4 |     4 |    13 ||    22
       Trog's Hand       |       |       |       |     1 ||     1
       Brothers in Arms  |       |       |       |     1 ||     1
Evoke: Wand              |       |       |     7 |       ||     7
  Use: Scroll            |       |     6 |    16 |     1 ||    23
       Potion            |       |       |     3 |     1 ||     4
 Stab: Sleeping          |     3 |       |       |       ||     3
       Confused          |       |       |       |     3 ||     3
Armor: Animal skin       |    27 |       |       |       ||    27
       Ring mail         |    19 |    10 |       |       ||    29
       Chain mail        |       |    78 |   283 |   284 ||   645
       Ice dragon scales |       |       |       |    38 ||    38
Dodge: Dodged            |    85 |    42 |   153 |   209 ||   489
Block: Kite shield       |       |       |       |     6 ||     6

Table legend: (Time is in decaauts)
 A = Elapsed time spent in this place.
 B = Non-inter-level travel time spent in this place.
 C = Inter-level travel time spent in this place.
 D = Time resting spent in this place.
 E = Time spent auto-exploring this place.
 F = Levels seen in this place.
 G = Mean time per level.
                   A        B        C        D        E       F      G
               +--------+--------+--------+--------+--------+-----+--------+
         Total |  15157 |  14849 |    308 |   2779 |   8600 |  12 | 1263.1 |
       Dungeon |  14865 |  14557 |    308 |   2775 |   8600 |  11 | 1351.4 |
      Ice Cave |    292 |    292 |      0 |      4 |      0 |   1 |  292.0 |
               +--------+--------+--------+--------+--------+-----+--------+

Top non-repeatable levels by time:
     D:9: 2587 daAuts
     D:6: 1686 daAuts
    D:10: 1679 daAuts
     D:5: 1502 daAuts
     D:8: 1501 daAuts
     D:3: 1240 daAuts
    D:11: 1192 daAuts
     D:1: 1043 daAuts
     D:7: 893 daAuts
     D:4: 843 daAuts
     D:2: 694 daAuts
   IceCv: 292 daAuts
